Map: Deathaura LE

Players

Armani

  • Race: Zerg Zerg
  • Spawn Location: 11:00

Kelazhur - Winner!

  • Race: Terran Terran
  • Spawn Location: 5:00

Event: IEM Katowice 2021

VOD

Have the link to the VOD?

Description

Time

  • Played on: Feb. 20, 2021, 9:06 a.m.
  • Length: 8:31

All games in this series

Show
View Real Time Build Order
Export as new Build Order

Armani Zerg 

Build Orders: Hatch First, Muta Ling Bane 

Get SALT Encoding   

  12  0:01  Drone  
  13  0:13  Overlord  
  13  0:17  Drone  
  14  0:31  Drone  
  14  0:32  Drone  
  16  0:48  Hatchery  
  15  0:51  Drone  
  17  0:57  Drone  
  17  0:59  Drone  
  18  1:12  Spawning Pool  
  18  1:16  Drone  
  18  1:19  Drone  
  19  1:30  Extractor, Drone  
  19  1:40  Drone  
  20  1:53  Drone  
  21  1:59  Queen x2  
  21  2:00  Zergling x2  
  26  2:01  Zergling x2  
  27  2:14  Hatchery  
  26  2:18  Overlord  
  26  2:21  Drone  
  27  2:26  Drone  
  28  2:32  Metabolic Boost  
  28  2:38  Drone x2  
  28  2:44  Queen  
  30  2:48  Drone  
  30  2:50  Drone  
  34  2:57  Overlord  
  34  2:59  Drone x2  
  36  3:16  Drone x6  
  42  3:22  Queen  
  42  3:25  Overlord  
  43  3:28  Drone x2  
  43  3:31  Queen  
  47  3:36  Drone  
  48  3:43  Overlord  
  48  3:44  Drone x4  
  52  3:52  Drone x2  
  54  3:57  Overlord, Queen  
  54  3:59  Overlord  
  54  4:01  Drone  
  54  4:02  Drone  
  58  4:05  Drone x2  
  58  4:06  Drone  
  61  4:13  Lair  
  61  4:16  Drone x2  
  63  4:17  Extractor  
  63  4:19  Baneling Nest  
  63  4:21  Drone x3  
  64  4:26  Queen  
  64  4:29  Overlord  
  66  4:33  Drone x5  
  71  4:39  Overlord  
  71  4:40  Evolution Chamber  
  71  4:41  Drone  
  71  4:42  Evolution Chamber, Drone x2  
  71  4:44  Drone  
  73  4:47  Overlord  
  73  4:49  Drone x2  
  73  4:50  Extractor  
  73  4:52  Extractor  
  73  4:54  Drone x2  
  73  4:59  Zergling x6  
  78  5:00  Drone  
  78  5:05  Drone x2  
  78  5:06  Extractor  
  80  5:07  Extractor  
  80  5:08  Overlord  
  80  5:09  Drone x3  
  80  5:10  Zerg Ground Armor Level 1  
  80  5:12  Zerg Melee Weapons Level 1  
  82  5:19  Drone x3  
  85  5:23  Drone x3  
  88  5:35  Spire  
  88  5:38  Hatchery  
  88  5:39  Zergling x2  
  88  5:40  Zergling x10  
  92  5:44  Centrifical Hooks  
  92  5:46  Overlord  
  92  5:51  Overlord  
  92  5:53  Drone x2  
  92  5:54  Drone  
  92  5:55  Zergling x10  
  97  6:06  Drone  
  97  6:07  Overlord  
  97  6:09  Zergling x2  
  99  6:16  Zergling x12  
  105  6:24  Overlord  
  105  6:45  Drone x3  
  103  6:48  Mutalisk x10  
  122  6:57  Zergling x2  
  122  6:58  Zergling x12  
  128  7:01  Baneling x10  
  128  7:02  Baneling  
  128  7:09  Zergling x8, Hatchery  
  128  7:15  Zergling x10  
  136  7:17  Baneling x6  
  136  7:18  Baneling x2  
  136  7:28  Zergling x10  
  136  7:29  Overlord x2  
  140  7:33  Zergling x2  
  140  7:34  Zergling x6  
  140  7:36  Overlord  
  132  7:57  Zergling x28  
  115  8:12  Zergling x10  
  119  8:16  Baneling x6  
Show
View Real Time Build Order
Export as new Build Order

Kelazhur Terran - Winner!

Build Orders: Command Center First (CC) 

Get SALT Encoding   

  12  0:00  SCV  
  13  0:12  SCV  
  14  0:16  Supply Depot  
  14  0:24  SCV  
  15  0:38  SCV  
  16  0:50  SCV  
  17  0:58  Command Center  
  17  1:02  SCV  
  18  1:11  Barracks  
  18  1:15  SCV  
  19  1:20  Refinery  
  19  1:27  SCV  
  19  1:28  Refinery  
  20  1:39  SCV  
  21  1:51  SCV  
  22  2:00  Reaper  
  23  2:04  Orbital Command  
  23  2:10  Orbital Command  
  23  2:18  Factory  
  23  2:29  SCV  
  24  2:32  Barracks Reactor  
  24  2:36  SCV  
  25  2:41  SCV  
  26  2:45  Command Center  
  26  2:49  SCV  
  27  2:53  SCV  
  28  3:01  Starport  
  28  3:03  SCV, Supply Depot  
  29  3:05  SCV  
  30  3:14  Hellion x2  
  30  3:17  SCV  
  30  3:19  Barracks Tech Lab  
  35  3:24  SCV  
  36  3:29  SCV  
  36  3:34  Supply Depot  
  37  3:36  SCV  
  37  3:37  Hellion x2  
  43  3:41  SCV  
  43  3:45  Marine  
  44  3:48  SCV  
  44  3:53  SCV  
  44  3:55  Viking  
  48  3:57  Orbital Command  
  48  4:03  Barracks  
  48  4:04  SCV, Factory Reactor  
  48  4:06  Barracks, Barracks Tech Lab  
  48  4:08  SCV  
  50  4:16  SCV  
  51  4:20  SCV, Barracks  
  51  4:22  Barracks  
  52  4:26  Stimpack, Marine  
  52  4:28  SCV  
  55  4:36  SCV  
  55  4:37  Engineering Bay x2  
  55  4:38  Refinery  
  55  4:40  SCV x2, Refinery  
  57  4:47  Marine  
  57  4:49  SCV  
  57  4:51  Marine x2  
  57  4:52  SCV x2  
  63  4:54  Starport Reactor  
  63  5:01  SCV  
  63  5:03  Supply Depot  
  63  5:04  Marine, Supply Depot, Terran Infantry Weapons Level 1, Terran Infantry Armor Level 1  
  65  5:07  Marine x2  
  65  5:08  Barracks Reactor x2  
  67  5:18  Supply Depot  
  67  5:21  Marine x2  
  67  5:23  Orbital Command  
  67  5:25  Siege Tank  
  67  5:26  Marine  
  67  5:27  Supply Depot  
  73  5:30  Supply Depot  
  73  5:33  Marine x2  
  73  5:34  Medivac  
  73  5:35  Medivac  
  79  5:42  Marine x2  
  80  5:46  Marine x2  
  80  5:47  Marine x3  
  86  5:51  Marine  
  86  5:52  Supply Depot, Marine  
  86  5:53  Supply Depot  
  88  6:00  Marine x2  
  90  6:04  Marine, Siege Tank  
  90  6:06  Medivac x2  
  90  6:07  Supply Depot  
  98  6:11  Marine  
  98  6:12  Marine x4  
  98  6:13  Combat Shield  
  98  6:14  Marine  
  98  6:17  Marine  
  98  6:18  Marine  
  105  6:22  Supply Depot  
  105  6:23  Marine, Supply Depot  
  107  6:29  Marine x3  
  107  6:31  Marine  
  111  6:33  Marine  
  111  6:36  Siege Tank  
  111  6:39  Supply Depot  
  111  6:47  Medivac x2  
  111  6:48  Marine x5  
  111  6:51  Supply Depot, Marine x3  
  121  6:54  Supply Depot  
  121  6:59  Marine  
  122  7:05  Supply Depot  
  122  7:06  Marine x5  
  127  7:08  Siege Tank  
  130  7:17  Marine x4  
  130  7:18  Medivac x2  
  130  7:21  Supply Depot  
  138  7:24  Marine x2  
  140  7:34  Marine  
  140  7:35  Marine x5  
  145  7:43  Marine x3  
  147  7:45  Siege Tank  
  148  7:52  Marine x2  
  148  7:57  Marine  
  114  8:07  Marine x6  
  114  8:10  SCV x3, Marine x2  

Tags
 
Add a new tag
Caveats
  • Supply blocks, unpowered buildings, or Contaminate may cause inaccurate times.
  • Supply counts are checked every 10 seconds.